Map: 2000 Atmospheres LE

Players

TIME (Oliveira) - Winner!

  • Race: Terran Terran
  • League: Grandmaster

Trap

  • Race: Protoss Protoss
  • League: Master

Event: TSL 7

VOD

Have the link to the VOD?

Description

Time

  • Played on: June 13, 2021, 12:59 p.m.
  • Length: 13:13

All games in this series

Show
View Real Time Build Order
Export as new Build Order

TIME Terran - Winner!

Build Orders:  

Get SALT Encoding   

  12  0:00  SCV  
  13  0:12  SCV  
  14  0:17  Supply Depot  
  14  0:24  SCV  
  15  0:38  SCV  
  15  0:40  Barracks  
  16  0:44  Refinery  
  16  0:50  SCV  
  17  1:03  SCV  
  18  1:15  SCV  
  19  1:27  Marine  
  19  1:28  Orbital Command  
  20  1:46  Command Center  
  20  1:52  Factory  
  20  1:55  SCV  
  21  2:05  Barracks Reactor  
  21  2:07  SCV  
  22  2:11  Supply Depot  
  22  2:14  Bunker  
  22  2:19  SCV  
  23  2:32  SCV  
  24  2:42  Starport  
  26  2:44  Hellion x2  
  26  2:48  SCV  
  29  2:52  Marine  
  26  2:58  Orbital Command  
  30  3:00  SCV  
  31  3:08  Hellion x2  
  35  3:12  SCV  
  35  3:15  Marine  
  29  3:20  Refinery, Medivac  
  37  3:26  Supply Depot  
  37  3:27  SCV  
  40  3:28  SCV  
  41  3:39  SCV  
  41  3:40  Factory Tech Lab, Marine x2  
  41  3:41  SCV  
  45  3:50  Supply Depot  
  45  3:51  SCV  
  45  3:54  SCV  
  47  3:58  Marine x2  
  47  3:59  Siege Tank  
  52  4:03  SCV  
  52  4:06  SCV  
  52  4:07  Barracks  
  54  4:11  Barracks  
  54  4:14  Supply Depot  
  54  4:15  SCV  
  55  4:17  Starport Tech Lab  
  55  4:18  Marine x2  
  55  4:23  SCV  
  58  4:27  SCV  
  58  4:30  Engineering Bay  
  59  4:33  Refinery  
  59  4:35  SCV  
  59  4:36  Siege Tank  
  59  4:37  Marine  
  64  4:40  Marine  
  64  4:41  SCV  
  66  4:47  SCV  
  66  4:48  Supply Depot  
  67  4:53  SCV  
  67  4:55  Supply Depot  
  67  4:58  Terran Infantry Weapons Level 1  
  67  4:59  SCV  
  70  5:06  Refinery, Stimpack  
  70  5:08  Marine  
  70  5:09  Marine x2  
  70  5:10  SCV  
  73  5:14  SCV  
  73  5:16  Marine, Combat Shield  
  75  5:22  Supply Depot  
  75  5:23  SCV  
  75  5:26  Factory Reactor, Marine  
  75  5:27  Marine x2  
  79  5:34  SCV  
  79  5:35  SCV  
  75  5:39  Marauder  
  74  5:46  SCV  
  74  5:47  SCV  
  74  5:49  Marine  
  74  5:50  Starport Reactor, Marauder, Marine  
  71  5:59  SCV x2  
  63  6:07  Widow Mine x2  
  63  6:10  Marine x2  
  63  6:11  SCV x2  
  70  6:12  Marauder x2  
  70  6:14  Command Center  
  70  6:17  Supply Depot  
  75  6:23  SCV x2  
  77  6:27  Medivac x2  
  77  6:29  Widow Mine  
  77  6:30  Marine x2  
  85  6:35  SCV  
  85  6:36  Marauder  
  88  6:42  Marine  
  88  6:44  Concussive Shells  
  88  6:45  Widow Mine, SCV  
  92  6:48  Marine  
  92  6:49  Supply Depot  
  92  6:53  Terran Infantry Armor Level 1  
  93  6:54  SCV  
  93  6:57  Marauder  
  93  7:01  Medivac x2  
  97  7:03  Widow Mine  
  97  7:04  Marine  
  102  7:11  SCV, Marauder  
  102  7:13  Supply Depot  
  102  7:14  Supply Depot  
  101  7:16  Marine  
  101  7:19  Marauder  
  101  7:22  Marine  
  98  7:33  Marine x2  
  98  7:35  Widow Mine x2, Medivac x2  
  103  7:39  Orbital Command  
  103  7:40  SCV, Marauder  
  103  7:41  SCV  
  107  7:49  Marine  
  107  7:50  Marine  
  109  8:01  Marauder, Marine  
  109  8:07  Marine  
  109  8:08  Marine  
  109  8:12  SCV  
  112  8:14  Orbital Command  
  112  8:19  Widow Mine, Marine, Medivac x2  
  119  8:20  Widow Mine, SCV  
  119  8:23  Marauder  
  119  8:24  Marine  
  119  8:27  Marauder  
  107  8:34  SCV x2  
  103  8:37  Barracks  
  103  8:38  Barracks, Ghost Academy  
  103  8:42  Widow Mine x2, Marine  
  103  8:44  Marauder  
  103  8:47  SCV, Marine  
  103  8:48  Marauder  
  114  8:50  SCV x2  
  116  8:57  Supply Depot  
  116  8:58  Medivac  
  116  8:59  SCV  
  116  9:01  Medivac  
  121  9:03  SCV  
  121  9:05  Marine  
  121  9:06  SCV  
  121  9:09  Marauder  
  124  9:11  SCV  
  124  9:13  Refinery  
  124  9:14  Refinery  
  123  9:17  Orbital Command  
  123  9:19  Ghost  
  123  9:20  Marine  
  123  9:23  Marine  
  119  9:26  Orbital Command  
  119  9:28  SCV  
  107  9:32  Barracks Reactor  
  107  9:34  Ghost  
  101  9:38  Marine  
  101  9:41  SCV, Marine  
  101  9:42  SCV  
  101  9:45  Barracks Tech Lab  
  104  9:49  Marauder, Enhanced Shockwaves  
  104  9:51  SCV  
  107  9:54  SCV x2, Liberator  
  107  9:55  Liberator  
  107  9:56  Widow Mine  
  107  9:59  Marine  
  118  10:01  Widow Mine  
  118  10:03  SCV  
  118  10:06  SCV x2, Marauder, Supply Depot  
  125  10:12  Marine x2  
  125  10:13  Refinery, Marauder  
  123  10:21  Marine x2  
  123  10:22  Marauder  
  123  10:26  SCV  
  123  10:27  SCV x2  
  123  10:28  Ghost  
  130  10:30  Widow Mine, Supply Depot  
  130  10:35  Widow Mine, Marine  
  136  10:36  Marauder  
  139  10:43  Marine  
  139  10:44  Marauder  
  139  10:47  Marine  
  142  10:50  Marine  
  142  10:53  Marine  
  142  10:56  Ghost  
  136  10:57  Supply Depot  
  136  11:00  Ghost  
  120  11:04  Ghost  
  120  11:05  Marine  
  120  11:09  Marine  
  120  11:10  Marine  
  120  11:11  Liberator x2  
  119  11:14  Widow Mine  
  127  11:20  Marine, Supply Depot  
  127  11:21  Widow Mine  
  127  11:25  Ghost  
  130  11:29  Marine x2  
  130  11:30  Marauder, Marine  
  137  11:35  Armory  
  137  11:36  Marine  
  137  11:38  Engineering Bay  
  138  11:42  Marine  
  138  11:46  Marine  
  139  11:47  Widow Mine  
  139  11:48  Supply Depot  
  139  11:51  Marauder  
  144  11:54  Widow Mine  
  145  12:03  Marine  
  145  12:04  Marauder, Marine  
  143  12:09  Marauder, Marine x2  
  143  12:10  Viking x2  
  143  12:11  Widow Mine  
  149  12:21  Marine x2  
  145  12:24  Widow Mine  
  145  12:25  Marauder  
  145  12:29  Marine  
  150  12:31  Marauder  
  150  12:33  Widow Mine  
  150  12:34  Marine  
  150  12:36  Marine  
  156  12:39  Marauder, Marine  
  159  12:46  Marine  
  159  12:47  Marine  
  141  12:51  Marine  
  141  12:52  Marauder  
  137  12:54  Marine  
Show
View Real Time Build Order
Export as new Build Order

Trap Protoss 

Build Orders: 1 Gate Expand, Blink Stalkers 

Get SALT Encoding   

  12  0:00  Probe  
  13  0:12  Probe  
  14  0:18  Pylon  
  14  0:24  Probe  
  15  0:36  Probe (Chrono Boost), Gateway  
  16  0:46  Probe (Chrono Boost), Assimilator  
  17  0:51  Probe (Chrono Boost)  
  18  1:03  Probe  
  19  1:15  Probe  
  20  1:24  Cybernetics Core  
  20  1:32  Nexus  
  20  1:39  Pylon  
  20  1:42  Probe  
  21  1:48  Assimilator  
  22  1:54  Probe  
  22  1:57  Adept (Chrono Boost)  
  22  2:01  Warp Gate  
  24  2:06  Probe  
  25  2:18  Probe  
  26  2:23  Twilight Council  
  26  2:30  Probe, Stalker  
  30  2:44  Probe (Chrono Boost)  
  30  2:47  Probe (Chrono Boost)  
  31  2:53  Probe (Chrono Boost)  
  31  2:56  Probe (Chrono Boost)  
  33  3:00  Stalker  
  33  3:02  Blink (Chrono Boost)  
  33  3:03  Probe  
  36  3:06  Probe  
  36  3:10  Gateway  
  37  3:16  Probe  
  37  3:18  Probe  
  39  3:24  Gateway  
  39  3:28  Probe  
  39  3:31  Probe  
  39  3:33  Pylon  
  41  3:40  Robotics Facility  
  41  3:43  Probe x2  
  41  3:48  Stalker  
  45  3:55  Probe x2  
  47  4:06  Stalker  
  47  4:07  Probe  
  51  4:10  Pylon  
  51  4:17  Stalker  
  51  4:19  Stalker  
  54  4:27  Nexus  
  54  4:30  Observer (Chrono Boost)  
  55  4:31  Probe  
  55  4:33  Probe  
  57  4:39  Pylon  
  57  4:43  Observer (Chrono Boost), Probe  
  60  4:45  Probe  
  60  4:48  Assimilator  
  60  4:49  Assimilator  
  60  4:55  Stalker  
  60  4:58  Stalker x2  
  66  5:00  Probe x2  
  66  5:05  Pylon  
  68  5:12  Probe x2  
  68  5:13  Pylon  
  70  5:21  Charge  
  70  5:24  Probe x2  
  72  5:36  Probe x2  
  72  5:45  Probe  
  72  5:48  Probe  
  74  5:51  Probe (Chrono Boost)  
  74  5:53  Stalker x3  
  73  5:58  Probe (Chrono Boost)  
  73  6:02  Probe (Chrono Boost)  
  73  6:03  Probe (Chrono Boost)  
  72  6:06  Templar Archives  
  72  6:09  Probe (Chrono Boost)  
  72  6:10  Gateway  
  73  6:11  Gateway  
  73  6:12  Gateway  
  73  6:13  Probe (Chrono Boost), Gateway  
  73  6:14  Probe (Chrono Boost)  
  73  6:15  Probe (Chrono Boost)  
  76  6:21  Sentry x2  
  76  6:23  Psionic Storm  
  76  6:24  Probe x2 (Chrono Boost)  
  76  6:25  Probe (Chrono Boost)  
  83  6:30  Gateway  
  84  6:34  Probe x2 (Chrono Boost)  
  84  6:36  Probe (Chrono Boost)  
  84  6:45  Shield Battery  
  83  6:48  High Templar, Zealot  
  83  6:49  Zealot  
  83  6:51  Probe x3  
  92  6:57  Shield Battery  
  92  6:59  Assimilator  
  90  7:03  Assimilator  
  90  7:06  Zealot x2, High Templar, Pylon  
  96  7:15  High Templar  
  96  7:16  Zealot  
  96  7:17  Probe  
  96  7:19  Probe x2  
  101  7:25  Zealot x3  
  101  7:27  Pylon, Immortal (Chrono Boost)  
  101  7:28  Pylon  
  103  7:39  Zealot x2, Forge  
  103  7:40  Zealot  
  103  7:42  Pylon  
  109  7:45  Zealot  
  109  7:47  Probe x3  
  114  7:51  Pylon  
  114  7:56  High Templar  
  113  7:58  Stalker  
  113  7:59  Stalker  
  117  8:10  Zealot  
  117  8:11  Stalker x4  
  119  8:13  Stalker  
  119  8:14  Stalker x2  
  119  8:18  Warp Prism  
  98  8:29  Probe x2 (Chrono Boost)  
  95  8:35  Probe (Chrono Boost), Pylon  
  95  8:39  Probe x2 (Chrono Boost)  
  97  8:42  Templar Archives  
  97  8:44  Probe x2 (Chrono Boost), Protoss Ground Weapons Level 1 (Chrono Boost)  
  97  8:46  Probe  
  100  8:57  Observer  
  100  8:58  Stalker x4  
  104  9:10  Probe x3  
  107  9:19  Zealot x2, Immortal (Chrono Boost)  
  105  9:29  High Templar x2  
  105  9:30  High Templar, Zealot x3  
  109  9:45  Zealot x2  
  109  9:49  Immortal (Chrono Boost)  
  109  9:50  Zealot  
  119  9:53  Pylon  
  119  9:54  Pylon  
  119  9:57  High Templar, Pylon  
  121  10:00  Photon Cannon  
  121  10:08  Nexus  
  121  10:13  High Templar x2  
  123  10:26  Zealot x5  
  121  10:51  Stalker x2  
  121  10:52  Stalker x6  
  109  11:05  Archon  
  109  11:10  Warp Prism (Chrono Boost)  
  95  11:15  Zealot x6  
  105  11:20  High Templar x2  
  109  11:26  Probe x4  
  113  11:35  Pylon  
  113  11:41  High Templar x2  
  113  11:46  Sentry x2  
  121  11:47  Zealot x2  
  125  11:54  Zealot  
  121  12:03  Zealot  
  121  12:07  Gateway  
  118  12:10  Gateway, Zealot x4  
  118  12:12  Probe x4  
  120  12:24  Probe x4  
  120  12:29  High Templar x2  
  128  12:30  High Templar x2, Zealot  
  128  12:34  Zealot x2  
  128  12:36  Archon  
  128  12:37  Archon  
  93  12:51  Zealot x2  
Tags
 
Add a new tag
Caveats
  • Supply blocks, unpowered buildings, or Contaminate may cause inaccurate times.
  • Supply counts are checked every 10 seconds.